 Dungeon Crawl Stone Soup version 0.29-a0-11-ga75d3d97ab (webtiles) character file.

Game seed: 4776938805734958015

28945 avis the Transmogrifier (level 13, -3/160 HPs)
             Began as a Hill Orc Transmuter on Jan 29, 2022.
             Was an Elder of Beogh.
             Slain by an elephant (10 damage)
             ... on level 3 of the Lair of Beasts.
             The game lasted 02:07:27 (22738 turns).

avis the Transmogrifier (Hill Orc Transmuter)      Turns: 22738, Time: 02:07:28

Health: -3/160     AC: 26    Str: 14    XL:     13   Next: 42%
Magic:  23/23      EV:  2    Int: 24    God:    Beogh [****..]
Gold:   1129       SH:  0    Dex: 17    Spells: 7/26 levels left

rFire   x . .      SeeInvis .   b - staff of cold
rCold   + . .      Faith    .   (no shield)
rNeg    . . .      Spirit   .   (armour currently unavailable)
rPois   +          Reflect  .   (helmet currently unavailable)
rElec   .          Harm     .   (cloak currently unavailable)
rCorr   .          Rampage  .   (gloves currently unavailable)
Will    .....      NoTele   +   (boots currently unavailable)
Stlth   ++........              (no amulet)
HPRegen 0.36/turn               X - ring "Zuarchufo" {rF- Int+7 Dex+6}
MPRegen 0.18/turn               I - +4 ring of slaying

@: tree-form
A: stationary, stasis, torment immunity, boosted hp
a: Renounce Religion, Smiting, Recall Orcish Followers


You were on level 3 of the Lair of Beasts.
You worshipped Beogh.
Beogh was greatly pleased with you.
You were a tree.
You visited 3 branches of the dungeon, and saw 15 of its levels.
You also visited: Sewer.

You collected 1129 gold pieces.

Inventory:

Hand Weapons
 g - a +0 broad axe
Missiles
 a - 17 sling bullets
 l - 5 throwing nets
 r - 11 stones
Armour
 d - a +0 pair of gloves
 i - a +1 hat (melded)
 p - a scarf of invisibility (melded)
 t - a +0 buckler
 z - a +1 pair of gloves (melded)
 N - a +2 leather armour of fire resistance (melded)
Magical Staves
 b - a staff of cold (weapon)
Jewellery
 k - a ring of ice
 H - a ring of flight
 I - a +4 ring of slaying (right branch)
 X - the ring "Zuarchufo" (left branch) {rF- Int+7 Dex+6}
   (You found it on level 10 of the Dungeon)

   [ring of dexterity]

   Int:       It affects your intelligence (+7).
   Dex:       It affects your dexterity (+6).
   rF:        It makes you vulnerable to fire.
Wands
 j - a wand of polymorph (2)
 u - a wand of paralysis (32)
 y - a wand of iceblast (11)
 D - a wand of flame (52)
 J - a wand of charming (1)
 O - a wand of acid (17)
Scrolls
 e - a scroll of fog
 f - 2 scrolls of fear
 h - 2 scrolls of identify
 C - 9 scrolls of teleportation
 W - 2 scrolls of magic mapping
Potions
 c - 2 potions of resistance
 m - 2 potions of ambrosia
 o - 3 potions of flight
 q - 2 potions of haste
 s - a potion of lignification
 v - a potion of might
 x - a potion of brilliance
 E - a potion of cancellation
 F - a potion of berserk rage
Miscellaneous
 n - a phial of floods
 w - a phantom mirror


   Skills:
 - Level 8.0 Fighting
 - Level 5.0 Dodging
 - Level 11.0 Unarmed Combat
 * Level 7.1 Spellcasting
 - Level 12.0 Transmutations
 - Level 4.0 Ice Magic
 - Level 2.0 Poison Magic
 - Level 3.0 Invocations


You had 7 spell levels left.
You knew the following spells:

 Your Spells              Type           Power      Damage    Failure   Level
a - Beastly Appendage     Tmut           100%       N/A       1%          1
c - Passwall              Tmut/Erth      30%        N/A       1%          2
e - Wereblood             Tmut           60%        N/A       1%          2
p - Spider Form           Tmut/Pois      42%        N/A       1%          3
q - Ice Form              Ice/Tmut       63%        N/A       2%          4
D - Dragon Form           Tmut           30%        N/A       41%         7

Your spell library contained the following spells:

 Spells                   Type           Power      Damage    Failure   Level
 Freeze                   Ice            100%       1d11      1%          1
 Sting                    Tmut/Pois      100%       1d8       1%          1
 Frozen Ramparts          Ice            82%        1d10      4%          3
 Magic Dart               Conj           32%        1d4       7%          1
 Sandblast                Erth           16%        2d6       7%          1
 Poisonous Vapours        Pois/Air       26%        N/A       7%          2
 Call Imp                 Summ           8%         N/A       11%         2
 Alistair's Intoxication  Tmut/Pois      28%        N/A       11%         5
 Mephitic Cloud           Conj/Pois/Air  11%        N/A       16%         3
 Dazzling Flash           Conj/Hex       16%        N/A       22%         3
 Gell's Gravitas          Tloc           8%         N/A       22%         3
 Stone Arrow              Conj/Erth      16%        3d8       22%         3
 Teleport Other           Tloc           8%         N/A       22%         3
 Hailstorm                Conj/Ice       27%        3d7       30%         4
 Olgreb's Toxic Radiance  Pois           18%        N/A       30%         4
 Summon Ice Beast         Ice/Summ       27%        N/A       30%         4
 Eringya's Noxious Bog    Tmut/Pois      21%        N/A       52%         6
 Animate Dead             Necr           4%         N/A       56%         4
 Iskenderun's Mystic Bla  Conj/Tloc      8%         2d4       56%         4
 Metabolic Englaciation   Hex/Ice        13%        N/A       65%         5
 Agony                    Necr           8%         N/A       89%         5
 Borgnjor's Vile Clutch   Necr/Erth      4%         N/A       89%         5
 Silence                  Hex/Air        4%         N/A       89%         5
 Death Channel            Necr           4%         N/A       100%        6
 Dispersal                Tloc           4%         N/A       100%        6
 Starburst                Conj/Fire      4%         6d3       100%        6


Dungeon Overview and Level Annotations

Branches:
Dungeon (11/15)            Temple (1/1) D:4            Lair (3/6) D:10
 Shoals (0/4) Lair:3        Sewer (visited)
  Snake: Lair:2-4    Spider: Lair:2-4       Orc: D:9-12

Altars:
Ashenzari
Cheibriados
Dithmenos
Elyvilon
Fedhas
Gozag
Hepliaklqana
Kikubaaqudgha
Makhleb
Nemelex Xobeh
Okawaru
Qazlal
Ru
Sif Muna
Trog
Uskayaw
Vehumet
Wu Jian
Xom
Yredelemnul
Zin
The Shining One

Shops:
D:7 ?

Annotations:
D:6 1 runed translucent door, a3don's ghost, novice OgWz
D:8 1 runed translucent door, 3t5h's ghost, novice VSFi


Message History

The elephant trunk-slaps you but does no damage.
Unknown command.
You punch the elephant! You freeze the elephant.
The elephant is severely wounded.
The elephant tramples you!
* * * LOW HITPOINT WARNING * * *
You hold your ground!
The elephant trunk-slaps you but does no damage.
The elephant tramples you!
* * * LOW HITPOINT WARNING * * *
You hold your ground!
The elephant misses you. The elephant barely misses you.
The elephant trunk-slaps you.
* * * LOW HITPOINT WARNING * * *
The elephant tramples you!
* * * LOW HITPOINT WARNING * * *
You hold your ground!
The elephant barely misses you.
Really quaff the potion of lignification?
You warm up again.
Your staff of cold unmelds from your body.
Your scarf of invisibility unmelds from your body.
Your +1 hat unmelds from your body.
Your +1 pair of gloves unmelds from your body.
Your +2 leather armour of fire resistance unmelds from your body.
You become transparent for a moment.
You feel resistant to fire.
You turn into a tree.
Your scarf of invisibility melds into your body.
Your +1 hat melds into your body.
Your +1 pair of gloves melds into your body.
Your +2 leather armour of fire resistance melds into your body.
You feel less resistant to fire.
Your roots penetrate the ground.
The elephant tramples you!
* * * LOW HITPOINT WARNING * * *
The elephant trunk-slaps you but does no damage.
The elephant tramples you.
* * * LOW HITPOINT WARNING * * *
The elephant trunk-slaps you but does no damage.
The elephant tramples you but does no damage.
The elephant trunk-slaps you but does no damage.
The elephant tramples you!
You die...

.................##
##.#.#.#####......#
## # ##....##
##....# # #
##....P#
###.#.##......#
..............#
...........YY##
...........Y♣##
##.###.##..Y#o# #
## #######


You could see 4 elephants and a friendly orc knight.

Vanquished Creatures
  Gastronok (D:9)
  Harold (D:6)
  A hydra (Lair:3)
  Fannar (Lair:1)
  2 centaur warriors (D:11)
  Erica (D:10)
  2 two-headed ogres
  Pikel (D:9)
  A deep elf pyromancer (D:11)
  2 cyclopes (D:11)
  A manticore (D:8)
  An elephant (Lair:3)
  3 black mambas
  A torpor snail (Lair:2)
  A gargoyle (D:11)
  6 cane toads
  2 rime drakes (Lair:2)
  4 komodo dragons
  A troll (D:11)
  Prince Ribbit (D:7)
  A snapping turtle (Lair:3)
  2 dream sheep (Lair:2)
  4 blink frogs (Lair:2)
  A hornet (D:8)
  30 yaks
  3 wraiths
  Grum (D:10)
  A basilisk (Lair:2)
  3 vampire mosquitoes
  An acid dragon (D:9)
  9 water moccasins
  Duvessa (D:7)
  4 orc warriors
  2 ice beasts
  4 black bears
  2 necrophages (D:6)
  3 ogres
  17 wolves
  5 centaurs
  3 lemures (D:9)
  A phantom (D:5)
  3 gnoll sergeants
  5 kobold brigands
  11 bullfrogs
  3 scorpions
  Dowan (D:7)
  9 killer bees
  3 electric eels
  9 wights
  2 vampire bats (Lair:2)
  8 howler monkeys
  5 centaur zombies
  4 jellies
  A hound (D:4)
  Crazy Yiuf (D:4)
  A bullfrog skeleton (D:6)
  5 orc wizards
  6 iguanas
  A merfolk siren (Sewer)
  A merfolk avatar (Sewer)
  2 killer bee zombies
  A howler monkey zombie (D:10)
  A howler monkey skeleton (D:7)
  6 adders
  21 gnolls
  A river rat (Sewer)
  2 worms
  3 dart slugs
  12 orcs
  10 bats
  7 endoplasms
  6 giant cockroaches
  12 goblins
  6 hobgoblins
  3 jackals (D:2)
  24 kobolds
  2 quokkas (D:4)
  10 ball pythons
  8 frilled lizards
  21 rats
369 creatures vanquished.

Vanquished Creatures (collateral kills)
  Snorg (Lair:3)
  2 yaks (Lair:3)
  2 wolves (Lair:3)
5 creatures vanquished.

Vanquished Creatures (others)
  An orc wizard (Lair:3)
  An orc priest (D:7)
  An orc (Lair:3)
  22 fungi
  72 plants
97 creatures vanquished.

Grand Total: 471 creatures vanquished

Notes
Turn   | Place    | Note
-------+----------+-------------------------------------------
     0 | D:1      | avis the Hill Orc Transmuter began the quest for the Orb.
     0 | D:1      | Reached XP level 1. HP: 16/16 MP: 3/3
   297 | D:1      | Found a faded altar of an unknown god.
   315 | D:1      | Reached XP level 2. HP: 24/24 MP: 1/4
  1291 | D:2      | Reached XP level 3. HP: 17/30 MP: 3/5
  1820 | D:2      | Reached XP level 4. HP: 12/38 MP: 4/6
  2052 | D:1      | Learned a level 3 spell: Spider Form
  2358 | D:2      | Reached skill level 5 in Unarmed Combat
  2546 | D:2      | Found an iron altar of Okawaru.
  2612 | D:2      | Reached skill level 2 in Transmutations
  2680 | D:2      | Reached XP level 5. HP: 38/45 MP: 3/7
  3386 | D:3      | Noticed a black bear
  3433 | D:3      | Killed a black bear
  4387 | D:4      | Found a staircase to the Ecumenical Temple.
  4391 | D:4      | Noticed a centaur
  4438 | D:4      | Killed a centaur
  4439 | D:4      | Reached XP level 6. HP: 7/52 MP: 5/9
  4786 | D:4      | Found a glowing drain.
  4795 | Sewer    | Entered a sewer
  5740 | D:4      | Reached XP level 7. HP: 59/59 MP: 4/10
  6426 | D:4      | Found a runed translucent door.
  6427 | D:4      | Noticed Crazy Yiuf
  6460 | D:4      | Killed Crazy Yiuf
  6461 | D:4      | Reached skill level 5 in Fighting
  6479 | D:4      | Learned a level 4 spell: Ice Form
  6530 | Temple   | Entered the Ecumenical Temple
  6693 | D:5      | Entered Level 5 of the Dungeon
  6983 | D:5      | Reached skill level 3 in Transmutations
  6995 | D:5      | Reached XP level 8. HP: 60/68 MP: 7/12
  7011 | D:5      | Reached skill level 1 in Ice Magic
  8480 | D:6      | Found a runed translucent door.
  8485 | D:6      | Noticed a3don's ghost (novice OgWz)
  8547 | D:6      | Learned a level 2 spell: Passwall
  8550 | D:6      | Learned a level 2 spell: Wereblood
  8583 | D:6      | Reached XP level 9. HP: 74/74 MP: 1/13
  9589 | Temple   | Identified a scroll of acquirement
  9589 | Temple   | Acquired the Tome of the Mutagenic Frostbite
 10060 | D:7      | Noticed Harold
 10070 | D:6      | Killed Harold
 10071 | D:6      | Reached skill level 4 in Transmutations
 10330 | D:7      | Noticed Prince Ribbit
 10345 | D:7      | Killed Prince Ribbit
 10346 | D:7      | Reached skill level 5 in Transmutations
 10452 | D:7      | Reached XP level 10. HP: 62/81 MP: 11/17
 10828 | D:7      | Reached skill level 5 in Spellcasting
 10843 | D:7      | Became a worshipper of Beogh the Brigand
 11064 | D:7      | Noticed Duvessa
 11065 | D:7      | Noticed Dowan
 11071 | D:7      | Killed Duvessa
 11078 | D:7      | Killed Dowan
 11242 | D:7      | Reached skill level 6 in Transmutations
 11313 | D:7      | Found Welus's Magic Scroll Shoppe.
 11381 | D:7      | Learned a level 7 spell: Dragon Form
 12451 | D:8      | Reached * piety under Beogh
 12720 | D:8      | Reached skill level 7 in Transmutations
 12724 | D:8      | Reached skill level 1 in Invocations
 12911 | D:8      | Noticed a +1 long sword of chaos
 12911 | D:8      | Noticed 3t5h's ghost (novice VSFi)
 12912 | D:8      | Found a runed translucent door.
 12912 | D:8      | Found a shimmering altar of Xom.
 12975 | D:8      | Noticed a manticore
 12992 | D:8      | Killed a manticore
 13224 | D:8      | Reached XP level 11. HP: 86/86 MP: 16/20
 13228 | D:8      | Reached skill level 8 in Transmutations
 13661 | D:9      | Noticed Gastronok
 13672 | D:9      | Killed Gastronok
 14079 | D:9      | Noticed a two-headed ogre
 14090 | D:9      | Killed a two-headed ogre
 14091 | D:9      | Reached skill level 9 in Transmutations
 14175 | D:9      | Reached ** piety under Beogh
 14205 | D:9      | Noticed Pikel
 14216 | D:9      | Killed Pikel
 14246 | D:9      | Found a sparkling altar of Nemelex Xobeh.
 15294 | D:10     | Entered Level 10 of the Dungeon
 15310 | D:10     | Noticed Erica
 15322 | D:10     | Killed Erica
 15379 | D:10     | Found a staircase to the Lair.
 15448 | D:10     | Noticed a two-headed ogre
 15454 | D:10     | Killed a two-headed ogre
 15455 | D:10     | Reached skill level 10 in Transmutations
 15461 | D:10     | Noticed Grum
 15467 | D:10     | Killed Grum
 15780 | D:10     | Reached XP level 12. HP: 94/94 MP: 21/21
 16129 | D:10     | Identified the ring "Zuarchufo" {rF- Int+7 Dex+6}
 16176 | Lair:1   | Entered Level 1 of the Lair of Beasts
 16249 | Lair:1   | Reached skill level 10 in Unarmed Combat
 16522 | Lair:1   | Reached skill level 11 in Transmutations
 16573 | Lair:1   | Reached *** piety under Beogh
 16690 | Lair:1   | Noticed Fannar
 16709 | Lair:1   | Killed Fannar
 17507 | Lair:2   | Reached skill level 5 in Dodging
 18688 | Lair:2   | Reached skill level 12 in Transmutations
 19779 | D:10     | Reached **** piety under Beogh
 19952 | D:11     | Noticed a centaur warrior
 19957 | D:11     | Noticed a centaur warrior
 19963 | D:11     | Killed a centaur warrior
 19964 | D:11     | Reached XP level 13. HP: 28/100 MP: 18/23
 19971 | D:11     | HP: 8/180 [centaur warrior (3)]
 21424 | Lair:3   | HP: 3/122 [bullfrog (4)]
 21994 | Lair:3   | Found a staircase to the Shoals.
 22240 | Lair:3   | Noticed Snorg
 22254 | Lair:3   | Killed Snorg
 22738 | Lair:3   | HP: 7/160 [elephant (3)]
 22738 | Lair:3   | Slain by an elephant

Illustrated notes

Levels and vault maps discovered:
D:1:      minmay_arrival_arboretum_small, layout_basic,
          hellmonk_ecumenical_altar_blasted
D:2:      layout_basic, basic_altar, minmay_misc_feat_rows
D:3:      layout_basic, minmay_misc_feat_hallway
D:4:      layout_loops_ring, minmay_temple_entry_glass, portal_sewer_entry_d,
          supply_closet_lemuel, uniq_crazy_yiuf_cottage
D:5:      layout_basic
D:6:      layout_basic, ebering_ghost_sewer_d, grunt_ministairs_9
D:7:      layout_basic, serial_shops,
          nicolae_shop_temple_entry_statues_fountains, serial_bayou_pond_e,
          uniq_duvessa, uniq_prince_ribbit1, uniq_harold
D:8:      layout_rooms, ebering_ghost_xom, serial_bayou_lagoon_a,
          grunt_ministairs_6
D:9:      layout_basic, nemelex_xobeh_ov_fountains_minmay, serial_corexii_hall,
          corexii_hall_statues_l, chequers_hall_statues_corner_a,
          chequers_hall_statues_corner_a, corexii_hall_statues_x,
          enter_bailey_3, hangedman_decor_points, uniq_pikel, uniq_gastronok
D:10:     layout_basic, dpeg_oklobed_lair, minivault_22, uniq_erica, uniq_grum
D:11:     minmay_cornered_nines, layout_irregular_city, lemuel_flamethrower_2
Temple:   dpeg_three_leaves_temple
Lair:1:   layout_regular_city, lemuel_fruit_fields, uniq_fannar
Lair:2:   layout_regular_city, st_stairs_3, roderic_batcave,
          serial_bayou_shore_a, grunt_megastairs_3
Lair:3:   layout_long_grid, minmay_shoals_entry_hut, lemuel_fruit_fields,
          uniq_snorg

Skill      XL: |  1  2  3  4  5  6  7  8  9 10 11 12 13 |
---------------+----------------------------------------+-----
Fighting       | 2 3 4 5 8 |  8.0
Unarmed Combat | 4 5 6 7 8 9 10 11 | 11.0
Transmutations | 2 3 5 7 10 12 | 12.0
Spellcasting   | 2 3 4 6 7 |  7.1
Poison Magic   | 2 |  2.0
Ice Magic      | 4 |  4.0
Dodging        | 3 5 |  5.0
Invocations    | 1 3 |  3.0

Action                   |  1- 3 |  4- 6 |  7- 9 | 10-12 | 13-15 || total
-------------------------+-------+-------+-------+-------+-------++-------
Melee: Unarmed           |    62 |   135 |   209 |   544 |   117 ||  1067
       Headbutt          |     7 |     7 |     5 |       |       ||    19
       Kick              |    10 |    11 |     9 |       |       ||    30
       Punch             |     1 |     1 |     2 |       |       ||     4
       Short sword       |       |       |     4 |       |       ||     4
       Staff             |       |       |       |       |     1 ||     1
 Fire: Hunting sling     |    25 |    40 |    25 |     5 |       ||    95
 Cast: Beastly Appendage |    18 |    18 |     3 |       |       ||    39
       Spider Form       |       |    21 |    27 |     1 |       ||    49
       Ice Form          |       |       |     8 |    42 |    14 ||    64
Invok: Convert to Beogh  |       |       |       |     1 |       ||     1
  Use: Potion            |       |     2 |     1 |     5 |     5 ||    13
       Scroll            |       |       |    14 |     9 |     3 ||    26
 Stab: Sleeping          |       |     1 |     1 |       |       ||     2
       Distracted        |       |       |       |       |     1 ||     1
Armor: Robe              |    14 |     4 |    20 |     1 |       ||    39
       Skin              |       |     7 |    48 |   157 |    80 ||   292
       Leather armour    |       |       |       |     1 |     2 ||     3
Dodge: Dodged            |    36 |    77 |   178 |   295 |   122 ||   708

Table legend: (Time is in decaauts)
 A = Elapsed time spent in this place.
 B = Non-inter-level travel time spent in this place.
 C = Inter-level travel time spent in this place.
 D = Time resting spent in this place.
 E = Time spent auto-exploring this place.
 F = Levels seen in this place.
 G = Mean time per level.
                   A        B        C        D        E       F      G
               +--------+--------+--------+--------+--------+-----+--------+
         Total |  22746 |  19588 |   3158 |   5894 |   8576 |  16 | 1421.6 |
       Dungeon |  17444 |  14580 |   2864 |   4337 |   6631 |  11 | 1585.8 |
        Temple |    195 |    172 |     23 |      0 |     55 |   1 |  195.0 |
          Lair |   4338 |   4068 |    270 |   1333 |   1876 |   3 | 1446.0 |
         Sewer |    768 |    768 |      0 |    224 |     13 |   1 |  768.0 |
               +--------+--------+--------+--------+--------+-----+--------+

Top non-repeatable levels by time:
     D:7: 2291 daAuts
     D:6: 2174 daAuts
     D:4: 2148 daAuts
     D:1: 1781 daAuts
  Lair:1: 1589 daAuts
  Lair:2: 1440 daAuts
     D:5: 1436 daAuts
     D:2: 1426 daAuts
    D:10: 1412 daAuts
     D:8: 1408 daAuts
     D:9: 1394 daAuts
  Lair:3: 1307 daAuts
     D:3: 1055 daAuts
    D:11: 916 daAuts
   Sewer: 768 daAuts
